 Dungeon Crawl Stone Soup version 0.23.0 (webtiles) character file.

Game seed: 3540184356276351715

125870 inmateoo the Brawler (level 16, -6/158 HPs)
             Began as a Troll Hunter on Feb 18, 2019.
             Was the Champion of Cheibriados.
             Mangled by a frost giant
             ... wielding a +0 battleaxe of freezing
              (12 damage)
             ... on level 2 of the Depths.
             The game lasted 00:45:00 (24391 turns).

inmateoo the Brawler (Troll Hunter)                Turns: 24391, Time: 00:45:01

Health: -6/158     AC: 21    Str: 42      XL:     16   Next: 42%
Magic:  21/25      EV: 13    Int: 29 (30) God:    Cheibriados [******]
Gold:   916        SH:  0    Dex: 27      Spells: 8/28 levels left

rFire    + . .     SeeInvis .     - Unarmed
rCold    . . .     Gourm    +   (no shield)
rNeg     . . .     Faith    .   U - +2 storm dragon scales
rPois    +         Spirit   .   l - +2 hat
rElec    +         Reflect  .   b - +2 cloak "Jaxzes" {Int+3 Dex+2}
rCorr    .         Harm     .   (gloves unavailable)
MR       ++...                  (boots unavailable)
Stlth    ..........             H - amulet of the acrobat
HPRegen  0.76/turn              M - ring of poison resistance
MPRegen  0.19/turn              p - ring "Leub Bie" {rF+ MR+ Str+3}

@: very slow
A: large, unfitting armour, claws 3, fast metabolism 3, gourmand, regeneration
1, shaggy fur 1, tough skin 3
a: Bend Time, Temporal Distortion, Slouch, Step From Time, Renounce Religion


You were on level 2 of the Depths.
You worshipped Cheibriados.
Cheibriados was exalted by your worship.
You were full.

You visited 5 branches of the dungeon, and saw 26 of its levels.
You also visited: Sewer and Gauntlet.

You collected 2799 gold pieces.
You spent 1883 gold pieces at shops.

Inventory:

Missiles
 a - 13 poisoned javelins
 c - 14 large rocks (quivered)
 I - 28 tomahawks
 V - 10 javelins of penetration
Armour
 b - the +2 cloak "Jaxzes" (worn) {Int+3 Dex+2}
   (You found it in a Gauntlet)

   It affects your intelligence (+3).
   It affects your dexterity (+2).
 l - a +2 hat (worn)
 z - a +0 large shield
 P - a +2 robe of cold resistance
 U - +2 storm dragon scales (worn)
 Y - +0 fire dragon scales
Jewellery
 m - a +4 ring of protection
 o - an uncursed ring of magical power
 p - the ring "Leub Bie" (right claw) {rF+ MR+ Str+3}
   (You found it on level 5 of the Lair of Beasts)

   [ring of protection from fire]

   It affects your strength (+3).
   It protects you from fire.
   It affects your resistance to hostile enchantments.
 D - an uncursed ring of see invisible
 H - an amulet of the acrobat (around neck)
 J - an uncursed ring of protection from magic
 K - an uncursed ring of wizardry
 L - an uncursed ring of resist corrosion
 M - a ring of poison resistance (left claw)
Wands
 t - a wand of paralysis (14)
 u - a wand of flame (81)
 y - a wand of disintegration (25)
 C - a wand of polymorph (13)
 T - a wand of scattershot (4)
 W - a wand of acid (12)
 Z - a wand of iceblast (10)
Scrolls
 i - 8 scrolls of teleportation
 j - 11 scrolls of remove curse
 n - 6 scrolls of enchant armour
 r - 4 scrolls of enchant weapon
 v - 5 scrolls of blinking
 S - 3 scrolls of fog
 X - 2 scrolls of identify
Potions
 e - 18 potions of curing
 h - 12 potions of agility
 k - 11 potions of heal wounds
 s - 6 potions of flight
 w - 13 potions of brilliance
 x - 8 potions of lignification
 F - 6 potions of might
 G - 5 potions of magic
 O - 2 potions of cancellation
 Q - 6 potions of mutation
 R - 2 potions of invisibility
Miscellaneous
 g - a lightning rod (4/4)
 A - a lamp of fire
 B - a sack of spiders
 E - a fan of gales
 N - 3 boxes of beasts
Comestibles
 f - 44 rations


   Skills:
 - Level 10.0 Fighting
 - Level 11.0 Throwing
 - Level 1.0 Armour
 - Level 6.1 Dodging
 - Level 0.3 Stealth
 - Level 17.0 Unarmed Combat
 + Level 6.8 Spellcasting
 - Level 3.0 Charms
 - Level 3.0 Necromancy
 + Level 6.8 Transmutations
 - Level 8.0 Invocations


You had 8 spell levels left.
You knew the following spells:

 Your Spells              Type           Power        Failure   Level  Hunger
a - Beastly Appendage     Tmut           #####.       1%          1    None
b - Regeneration          Chrm/Necr      ####......   16%         3    None
c - Apportation           Tloc           #.....       19%         1    None
d - Passage of Golubria   Tloc           N/A          88%         4    ##.....
e - Blade Hands           Tmut           #####.....   30%         5    #####..
f - Statue Form           Tmut/Erth      ####.....    100%        6    ######.

Your spell library contained the following spells:

 Spells                   Type           Power        Failure   Level  Hunger
 Sticks to Snakes         Tmut           #####...     1%          2    None
 Infusion                 Chrm           ####         5%          1    None
 Song of Slaying          Chrm           ####....     9%          2    None
 Spider Form              Tmut/Pois      ####......   14%         3    None
 Shroud of Golubria       Chrm/Tloc      ###.......   16%         2    None
 Freeze                   Ice            #...         19%         1    None
 Magic Dart               Conj           #...         19%         1    None
 Summon Butterflies       Summ           #.......     19%         1    None
 Searing Ray              Conj           #.....       28%         2    None
 Throw Frost              Conj/Ice       #.....       28%         2    None
 Ozocubu's Armour         Chrm/Ice       ###.....     30%         3    None
 Spectral Weapon          Hex/Chrm       ###.....     30%         3    None
 Ice Form                 Ice/Tmut       ####....     41%         4    ##.....
 Call Canine Familiar     Summ           #.......     50%         3    None
 Dazzling Spray           Conj/Hex       #.....       50%         3    None
 Gell's Gravitas          Tloc           #.........   50%         3    None
 Lesser Beckoning         Tloc           #.........   50%         3    None
 Force Lance              Conj/Tloc      #.......     88%         4    ##.....
 Fulminant Prism          Conj/Hex       #.........   88%         4    ##.....
 Iskenderun's Mystic Bla  Conj           #.......     88%         4    ##.....
 Leda's Liquefaction      Hex/Erth       #.........   88%         4    ##.....
 Summon Ice Beast         Ice/Summ       #.......     88%         4    ##.....
 Throw Icicle             Conj/Ice       #.......     88%         4    ##.....
 Iskenderun's Battlesphe  Conj/Chrm      ###.....     95%         5    #####..
 Bolt of Magma            Conj/Fire/Erth #.........   99%         5    #####..
 Summon Mana Viper        Hex/Summ       #.......     99%         5    #####..
 Venom Bolt               Conj/Pois      #.........   99%         5    #####..
 Freezing Cloud           Conj/Ice/Air   #.........   100%        6    ######.
 Iron Shot                Conj/Erth      #.........   100%        6    ######.
 Orb of Destruction       Conj           #.........   100%        7    #######
 Spellforged Servitor     Conj/Summ      #.........   100%        7    #######
 Summon Hydra             Summ           #.........   100%        7    #######
 Shatter                  Erth           #.........   100%        9    #######


Dungeon Overview and Level Annotations

Branches:
Dungeon (15/15)            Temple (1/1) D:5            Lair (6/6) D:9
  Swamp (0/4) Lair:3       Spider (0/4) Lair:4        Slime (0/5) Lair:5
    Orc (2/2) D:11            Elf (0/3) Orc:2        Vaults (0/5) D:14
 Depths (2/5) D:15

Altars:
Ashenzari
Cheibriados
Dithmenos
Elyvilon
Fedhas
Gozag
Hepliaklqana
Kikubaaqudgha
Makhleb
Nemelex Xobeh
Okawaru
Qazlal
Ru
Sif Muna
Trog
Uskayaw
Vehumet
Wu Jian
Xom
Yredelemnul
Zin
The Shining One
Beogh

Shops:
D:6 =   D:7 *}(   D:13 (   Orc:2 [!%   Depths:1 *

Portals:
Hell: Depths:1


Innate Abilities, Weirdness & Mutations

You are too large for most types of armour.
You have claws for hands.
Your metabolism is lightning-fast.
You like to eat raw meat.
Your natural rate of healing is unusually fast.
You are covered in fur. (AC +1)
You have extremely tough skin. (AC +3)


Message History

Okay, then.
You feel much better.
The frost giant points at you and mumbles some strange words.
The bolt of cold hits you!!
* * * LOW HITPOINT WARNING * * *
Unknown command.
You feel much better.
The frost giant hits you but does no damage.
Unknown command.
Quiver which item? (- for none, * to show all) (? for menu, Esc to quit)
Quivering
c - 15 large rocks for throwing.
Throwing (i - inventory. (/) - cycle)
c - 15 large rocks (quivered)
Press: ? - help, Shift-Dir - straight line, f/p - frost giant
Aim: a frost giant, wielding a +0 battleaxe of freezing (lightly wounded)
You throw a large rock. The large rock hits the frost giant!!
The frost giant is heavily wounded.
The frost giant hits you with a +0 battleaxe of freezing!!
* * * LOW HITPOINT WARNING * * *
The frost giant freezes you!
You die...

*,,,,,,,,,,,+,,,*
*,,,,,,,,,,,*,,,* #############
***+****,,,,*,,,*
.......#....######*,,,**,,,,*,,,*
...#......#......#,,,,**,,,***,,,
...'......#......#,,,,*#D,,***,*,
'###......#......#,,,,...,,,,,,,,
..##......#......#,,,....,,,,,,,*
..##.....###+##.@#*,Q....,,,,,,,,
..##.....##..##C[##......,,,,,,,,
..#....................#******,**
..##.####.........####.#,,,*****,
..##.#,,*##########,,*,*,,,,,**,,
..##.#,,+,,*****,,+,,*,*,,,,,**,*
.....##+****,,,****+**,*,,,,***,,
......#,,,,+,,,+,,,,*,,*,,,,***,,
..##..#+****,,,****,*,,,,,,,,*,,*


You could see a frost giant.

Vanquished Creatures
  Rupert (D:13)
  3 fire giants
  The ghost of vishdafish the Warrior, a journeyman OgFi of Cheibriados (Lair:5)
  2 stone giants
  A minotaur (Gauntlet)
  4 ettins
  A merfolk javelineer (Depths:1)
  2 fire dragons
  A merfolk impaler (Depths:1)
  3 great orbs of eyes
  5 hydras
  An ice dragon (Depths:1)
  2 rakshasas (Depths:2)
  Fannar (D:10)
  2 centaur warriors
  A catoblepas (D:14)
  Erica (Lair:1)
  A death knight (D:15)
  6 two-headed ogres
  3 ogre magi
  5 tengu warriors (Depths:2)
  6 orc high priests (Orc:2)
  A hell knight (D:15)
  2 thrashing horrors (Gauntlet)
  A deep elf knight (D:15)
  Nergalle (Orc:1)
  A swamp dragon (Lair:3)
  A deep troll (Orc:1)
  3 unseen horrors
  2 glowing orange brains
  4 orc knights
  An orange crystal statue (Depths:1)
  2 oklob plants (Lair:5)
  A deep elf mage (D:13)
  4 orc sorcerers (Orc:2)
  20 ugly things
  2 moths of wrath (Lair:5)
  Maurice (Orc:1)
  7 slime creatures
  A manticore (D:12)
  14 elephants
  7 black mambas
  2 torpor snails
  Psyche (D:10)
  2 gargoyles
  27 spiny frogs
  A water nymph (shapeshifter) (D:13)
  A rime drake (Lair:4)
  An efreet (D:14)
  4 yaktaurs
  7 komodo dragons
  A demonic crawler (Lair:4)
  A meliai (shapeshifter) (D:13)
  7 trolls
  5 tyrant leeches (Lair:6)
  3 polar bears
  A merfolk (D:9)
  Prince Ribbit (D:9)
  2 hornets (D:9)
  3 dream sheep (Lair:6)
  10 hippogriffs
  34 blink frogs
  4 small abominations (Gauntlet)
  A vampire (D:12)
  4 shadows (Gauntlet)
  A basilisk (D:9)
  8 water elementals
  42 yaks
  2 wraiths
  3 wyverns
  A steam dragon (D:11)
  A yak (shapeshifter) (Depths:2)
  A golden eye (shapeshifter) (Depths:1)
  24 vampire mosquitoes
  4 wargs
  A hungry ghost (D:7)
  3 acid dragons
  4 porcupines
  12 water moccasins
  An ice beast (D:15)
  2 sky beasts
  28 orc warriors
  2 eyes of draining (shapeshifter)
  A black bear (Lair:1)
  2 phantoms
  17 ogres
  13 boggarts (Depths:1)
  An eye of draining (D:13)
  14 centaurs
  13 crocodiles
  4 big kobolds
  22 bullfrogs
  7 scorpions
  A wyvern skeleton (D:11)
  A water moccasin skeleton (D:10)
  8 killer bees
  11 wights
  7 electric eels (D:10)
  11 crimson imps
  2 quasits
  2 centaur zombies
  2 bullfrog skeletons
  5 jellies
  28 orc priests
  5 hounds
  9 centaur skeletons
  10 iguanas
  30 orc wizards
  7 worker ants
  A hound skeleton (D:7)
  3 gnolls (D:8)
  24 adders
  9 river rats
  5 shadow imps
  An ooze (D:4)
  An adder zombie (D:6)
  5 worms
  2 dart slugs
  8 leopard geckos
  95 orcs
  7 bats
  7 giant cockroaches
  9 goblins
  4 hobgoblins
  30 kobolds
  3 quokkas
  4 frilled lizards
  A giant cockroach zombie (D:6)
  2 jackal skeletons
  A quokka skeleton (D:5)
  25 rats
  A plant (D:10)
873 creatures vanquished.

Vanquished Creatures (others)
  A deep elf mage (D:14)
  17 fungi
  45 plants
  3 withered plants (Gauntlet)
66 creatures vanquished.

Grand Total: 939 creatures vanquished

Notes
Turn   | Place    | Note
-------+----------+-------------------------------------------
     0 | D:1      | inmateoo the Troll Hunter began the quest for the Orb.
     0 | D:1      | Reached XP level 1. HP: 19/19 MP: 0/0
   189 | D:1      | Reached XP level 2. HP: 28/28 MP: 1/1
   195 | D:1      | Reached skill level 1 in Unarmed Combat
   610 | D:1      | Found an ancient bone altar of Kikubaaqudgha.
   667 | D:2      | Reached XP level 3. HP: 35/35 MP: 2/2
  1107 | D:2      | Reached skill level 2 in Unarmed Combat
  1172 | D:2      | Reached XP level 4. HP: 42/42 MP: 3/3
  1716 | D:3      | Reached skill level 3 in Unarmed Combat
  1716 | D:3      | Reached XP level 5. HP: 47/50 MP: 4/4
  2057 | D:3      | Found a glowing golden altar of the Shining One.
  2353 | D:4      | Reached XP level 6. HP: 58/59 MP: 5/5
  2359 | D:4      | Found a shattered altar of Ashenzari.
  2365 | D:4      | Reached skill level 4 in Unarmed Combat
  2931 | D:5      | Entered Level 5 of the Dungeon
  3125 | D:5      | Reached XP level 7. HP: 39/67 MP: 6/6
  3159 | D:5      | Found a glowing drain.
  3239 | Sewer    | Entered a sewer
  3319 | Sewer    | Reached skill level 5 in Unarmed Combat
  3352 | Sewer    | Reached skill level 5 in Throwing
  3862 | D:5      | Found a staircase to the Ecumenical Temple.
  4032 | Temple   | Entered the Ecumenical Temple
  4119 | Temple   | Became a worshipper of Cheibriados the Contemplative
  4541 | D:6      | Paralysed by fainting for 5 turns
  4556 | D:6      | Paralysed by fainting for 8 turns
  4652 | D:6      | Found a snail-covered altar of Cheibriados.
  4739 | D:6      | Reached skill level 6 in Unarmed Combat
  4903 | D:6      | Found Jobb's Jewellery Shop.
  4936 | D:6      | Reached XP level 8. HP: 73/78 MP: 7/7
  5606 | D:7      | Found Hogad's Gadget Shoppe.
  5637 | D:7      | Reached * piety under Cheibriados
  5673 | D:7      | Found Anomefy's Weapon Emporium.
  5693 | D:7      | Found a stormy altar of Qazlal.
  5742 | D:7      | Found a sacrificial altar of Ru.
  5837 | D:7      | Found Uwolaci's General Store.
  5858 | D:7      | Found an opulent altar of Gozag.
  5864 | D:7      | Found an opulent altar of Gozag.
  5864 | D:7      | Found an ornate altar of the Wu Jian Council.
  5866 | D:7      | Found a hazy altar of Hepliaklqana.
  5874 | D:7      | Found an iron altar of Okawaru.
  5878 | D:7      | Found a deep blue altar of Sif Muna.
  5909 | D:7      | Reached skill level 7 in Unarmed Combat
  6325 | D:8      | Noticed a hippogriff
  6340 | D:8      | Reached skill level 8 in Unarmed Combat
  6555 | D:8      | Reached skill level 5 in Fighting
  6633 | D:8      | Reached ** piety under Cheibriados
  6683 | D:8      | Reached XP level 9. HP: 86/88 MP: 8/8
  6700 | D:8      | Found a bloodstained altar of Trog.
  7196 | D:8      | Found a roughly hewn altar of Beogh.
  7220 | D:8      | Reached skill level 9 in Unarmed Combat
  7323 | D:9      | Reached *** piety under Cheibriados
  7396 | D:9      | Found a sparkling altar of Nemelex Xobeh.
  7529 | D:6      | Bought an uncursed ring of resist corrosion for 240 gold
                  | pieces
  7529 | D:6      | Bought an uncursed ring of poison resistance for 240 gold
                  | pieces
  7813 | D:9      | Reached skill level 10 in Unarmed Combat
  7826 | D:9      | Found a staircase to the Lair.
  7833 | D:9      | Reached XP level 10. HP: 60/98 MP: 9/9
  8171 | D:9      | Noticed Prince Ribbit
  8403 | D:9      | Killed Prince Ribbit
  8419 | D:10     | Entered Level 10 of the Dungeon
  8596 | D:10     | Noticed Fannar
  8608 | D:10     | Killed Fannar
  8707 | D:10     | Reached skill level 11 in Unarmed Combat
  8725 | D:10     | Reached **** piety under Cheibriados
  9085 | D:10     | Noticed Psyche
  9095 | D:10     | Killed Psyche
  9421 | D:10     | Found a shimmering altar of Xom.
  9641 | D:10     | Reached XP level 11. HP: 83/109 MP: 10/10
  9753 | D:11     | Reached ***** piety under Cheibriados
  9758 | D:11     | Found a staircase to the Orcish Mines.
  9802 | D:11     | Found a gate leading to a gauntlet.
  9811 | Gauntlet | Entered a Gauntlet
  9811 | Gauntlet | Found a large runed translucent door.
  9811 | Gauntlet | Found a large runed translucent door.
  9811 | Gauntlet | Found a large runed translucent door.
  9811 | Gauntlet | Found a large runed translucent door.
  9811 | Gauntlet | Found a large runed translucent door.
  9811 | Gauntlet | Found a large runed translucent door.
  9811 | Gauntlet | Found a large runed translucent door.
  9811 | Gauntlet | Found a large runed translucent door.
  9811 | Gauntlet | Found a runed translucent door.
  9811 | Gauntlet | Found a runed translucent gate.
  9811 | Gauntlet | Found a transporter.
  9811 | Gauntlet | Found a transporter.
  9811 | Gauntlet | Found a runed translucent gate.
  9811 | Gauntlet | Found a transporter.
  9811 | Gauntlet | Found a transporter.
  9821 | Gauntlet | Found a transporter.
  9830 | Gauntlet | Noticed a soul eater
  9831 | Gauntlet | Found a transporter.
  9846 | Gauntlet | Found a transporter.
  9856 | Gauntlet | Found a transporter.
  9871 | Gauntlet | Found a transporter.
  9877 | Gauntlet | Found a transporter.
  9891 | Gauntlet | Found a transporter.
  9894 | Gauntlet | Noticed a thrashing horror
  9894 | Gauntlet | Noticed a thrashing horror
  9910 | Gauntlet | Found a transporter.
  9914 | Gauntlet | Found a runed translucent gate.
  9915 | Gauntlet | Found a large runed translucent door.
  9915 | Gauntlet | Found a large runed translucent door.
  9916 | Gauntlet | Found a large runed translucent door.
  9917 | Gauntlet | Found a large runed translucent door.
  9918 | Gauntlet | Found a large runed translucent door.
  9918 | Gauntlet | Found a large runed translucent door.
  9918 | Gauntlet | Found a runed translucent door.
  9919 | Gauntlet | Found a large runed translucent door.
  9920 | Gauntlet | Found a large runed translucent door.
 10009 | Gauntlet | Reached skill level 1 in Invocations
 10027 | Gauntlet | Got a polished cloak
 10038 | Gauntlet | Identified the +2 cloak "Jaxzes" {Int+3 Dex+2} (You found
                  | it in a Gauntlet)
 10110 | Gauntlet | Killed a thrashing horror
 10110 | Gauntlet | Reached skill level 12 in Unarmed Combat
 10112 | Gauntlet | Reached skill level 1 in Spellcasting
 10113 | Gauntlet | Killed a thrashing horror
 10258 | Gauntlet | Identified the +5 plate armour of Melancholy {+Inv MP+9
                  | Dex-5 Slay+3}
 10258 | Gauntlet | Noticed a minotaur
 10272 | Gauntlet | Killed a minotaur
 10288 | Gauntlet | Identified the Guide on Freezing Translocation
 10331 | D:11     | Learned a level 1 spell: Apportation
 10336 | D:11     | Learned a level 4 spell: Passage of Golubria
 10501 | D:11     | Noticed a purple ugly thing
 10505 | D:11     | Killed a purple ugly thing
 11491 | D:12     | Found a runed translucent door.
 11721 | D:12     | Reached XP level 12. HP: 82/119 MP: 14/14
 12000 | D:12     | Noticed a two-headed ogre
 12001 | D:12     | Noticed a fire giant
 12004 | D:12     | Killed a two-headed ogre
 12004 | D:12     | Reached skill level 13 in Unarmed Combat
 12006 | D:12     | Killed a fire giant
 12164 | D:13     | Noticed Rupert
 12173 | D:13     | Killed Rupert
 12268 | D:13     | Found Goipetax's Antique Weapon Emporium.
 12520 | D:13     | Reached skill level 5 in Dodging
 12520 | D:13     | Reached XP level 13. HP: 118/128 MP: 16/16
 12696 | D:14     | Reached skill level 10 in Throwing
 12720 | D:14     | Learned a level 1 spell: Beastly Appendage
 12727 | D:13     | Learned a level 3 spell: Regeneration
 12913 | D:14     | Reached skill level 5 in Invocations
 13097 | D:14     | Reached skill level 1 in Necromancy
 13105 | D:14     | Reached skill level 14 in Unarmed Combat
 13105 | D:14     | Reached skill level 1 in Transmutations
 13109 | D:14     | Reached skill level 1 in Charms
 13474 | D:14     | Found a gate to the Vaults.
 13829 | D:15     | Entered Level 15 of the Dungeon
 14408 | D:15     | Found a staircase to the Depths.
 14408 | D:15     | Noticed an ettin
 14410 | D:15     | Killed an ettin
 14546 | D:15     | Noticed a fire dragon
 14561 | D:15     | Killed a fire dragon
 14561 | D:15     | Reached XP level 14. HP: 42/140 MP: 19/19
 14880 | D:15     | Learned a level 5 spell: Blade Hands
 14965 | D:15     | Reached ****** piety under Cheibriados
 15793 | Lair:1   | Entered Level 1 of the Lair of Beasts
 15903 | Lair:1   | Noticed Erica
 15910 | Lair:1   | Killed Erica
 15941 | Lair:1   | Identified a scroll of acquirement
 17294 | Lair:2   | Got a faintly glowing cloak
 17305 | Lair:2   | Identified the +0 cloak "Zietz" {Str+3 Dex+2} (You acquired
                  | it on level 2 of the Lair of Beasts)
 17382 | Lair:3   | Found a staircase to the Swamp.
 17482 | Lair:3   | Learned a level 6 spell: Statue Form
 17569 | Lair:3   | Reached skill level 1 in Armour
 18122 | Lair:4   | Found a hole to the Spider Nest.
 18527 | Lair:5   | Reached skill level 15 in Unarmed Combat
 18654 | Lair:5   | Noticed vishdafish's ghost (journeyman OgFi)
 18656 | Lair:5   | Found a transporter.
 18809 | Lair:5   | Found a staircase to the Slime Pits.
 19249 | Lair:5   | Found a transporter.
 19504 | Lair:5   | Killed vishdafish's ghost
 19504 | Lair:5   | Reached XP level 15. HP: 33/149 MP: 11/21
 19507 | Lair:5   | Got a wavering steel ring
 19539 | Lair:5   | Identified the ring "Leub Bie" {rF+ MR+ Str+3} (You found
                  | it on level 5 of the Lair of Beasts)
 19659 | Lair:6   | Entered Level 6 of the Lair of Beasts
 20075 | Lair:6   | Reached skill level 10 in Fighting
 20105 | Lair:6   | Reached skill level 5 in Spellcasting
 21100 | Orc:1    | Entered Level 1 of the Orcish Mines
 21100 | Orc:1    | Noticed Maurice
 21100 | Orc:1    | Noticed Nergalle
 21269 | Orc:1    | Killed Maurice
 21269 | Orc:1    | Reached skill level 16 in Unarmed Combat
 21272 | Orc:1    | Killed Nergalle
 21519 | Orc:2    | Entered Level 2 of the Orcish Mines
 21545 | Orc:2    | Found a staircase to the Elven Halls.
 21675 | Orc:1    | Reached skill level 5 in Transmutations
 22367 | Orc:2    | Found Jule's Antique Armour Boutique.
 22367 | Orc:2    | Found Cowiggeo's Antique Armour Boutique.
 22368 | Orc:2    | Found Moduqohu's Distillery.
 22371 | Orc:2    | Found Raovu's Food Shop.
 22378 | Orc:2    | Bought a potion of heal wounds for 85 gold pieces
 22378 | Orc:2    | Bought 2 potions of curing for 102 gold pieces
 22378 | Orc:2    | Bought a potion of cancellation for 136 gold pieces
 22378 | Orc:2    | Bought a potion of mutation for 136 gold pieces
 22378 | Orc:2    | Bought 2 potions of magic for 272 gold pieces
 22378 | Orc:2    | Bought a potion of curing for 51 gold pieces
 22378 | Orc:2    | Bought a potion of agility for 68 gold pieces
 22378 | Orc:2    | Bought a potion of heal wounds for 85 gold pieces
 22378 | Orc:2    | Bought a potion of might for 68 gold pieces
 22378 | Orc:2    | Bought a potion of brilliance for 68 gold pieces
 22378 | Orc:2    | Bought a potion of might for 68 gold pieces
 22378 | Orc:2    | Bought a potion of invisibility for 136 gold pieces
 22842 | Depths:1 | Entered Level 1 of the Depths
 22977 | Depths:1 | Paralysed by a great orb of eyes for 6 turns
 23122 | Depths:1 | Reached XP level 16. HP: 158/158 MP: 23/23
 23129 | Depths:1 | You fall through a shaft!
 23204 | Depths:1 | Found a gateway to Hell.
 23279 | Depths:1 | Found Zirisyg's Changing Room.
 23312 | Depths:1 | Bought a potion of mutation for 128 gold pieces
 23618 | Depths:1 | Noticed a tengu reaver
 23632 | Depths:1 | Reached skill level 17 in Unarmed Combat
 24391 | Depths:2 | HP: 6/158 [frost giant/+0 battleaxe of freezing (29)]
 24391 | Depths:2 | Mangled by a frost giant

Skill      XL: |  1  2  3  4  5  6  7  8  9 10 11 12 13 14 15 16 |
---------------+-------------------------------------------------+-----
Unarmed Combat | 1 2 3 4 6 8 10 11 12 13 14 15 16 17 | 17.0
Fighting       | 2 3 4 5 6 7 8 9 10 | 10.0
Dodging        | 2 3 5 6 |  6.1
Throwing       | 4 5 6 7 8 9 10 11 | 11.0
Invocations    | 3 4 5 7 8 |  8.0
Spellcasting   | 2 3 4 5 6 |  6.8
Necromancy     | 2 3 |  3.0
Transmutations | 2 3 5 6 |  6.8
Charms         | 2 3 |  3.0
Armour         | 1 |  1.0
Stealth        | |  0.3

Action                   |  1- 3 |  4- 6 |  7- 9 | 10-12 | 13-15 | 16-18 || total
-------------------------+-------+-------+-------+-------+-------+-------++-------
Melee: Unarmed           |    89 |   196 |   426 |   483 |  1020 |   143 ||  2357
       Short sword       |     1 |       |       |       |       |       ||     1
       Punch             |       |     5 |    10 |    44 |   105 |    18 ||   182
       Kick              |       |       |       |       |    12 |       ||    12
       Headbutt          |       |       |       |       |     8 |       ||     8
Throw: Large rock        |       |       |     1 |    15 |    25 |     8 ||    49
       Tomahawk          |       |       |       |    18 |    21 |       ||    39
       Javelin           |       |       |       |    14 |    20 |       ||    34
       Throwing net      |       |       |       |     2 |     7 |     1 ||    10
 Cast: Regeneration      |       |       |       |       |     7 |     3 ||    10
       Beastly Appendage |       |       |       |       |     4 |     1 ||     5
Invok: Slouch            |       |       |       |     4 |     7 |     1 ||    12
       Temporal Distorti |       |       |       |       |     2 |       ||     2
Evoke: Wand              |       |       |     1 |     7 |       |       ||     8
       Fan of gales      |       |       |       |       |     1 |       ||     1
       Lamp of fire      |       |       |       |       |     1 |       ||     1
  Use: Potion            |     1 |       |       |       |       |     2 ||     3
       Scroll            |       |       |     2 |    15 |    20 |     3 ||    40
 Stab: Sleeping          |     1 |     1 |     2 |     7 |     3 |       ||    14
       Paralysed         |       |       |       |     1 |       |       ||     1
       Held in net/web   |       |       |       |     1 |     1 |       ||     2
  Eat: Chunk             |    12 |    22 |    45 |    31 |    68 |     4 ||   182
       Ration            |       |       |     1 |       |       |     2 ||     3
Armor: Robe              |    44 |    77 |   164 |   139 |   101 |       ||   525
       Storm dragon scal |       |       |       |       |   490 |    64 ||   554
Dodge: Dodged            |    48 |   104 |   265 |   345 |  1024 |   111 ||  1897
